Blues vs Stars

Created - Monday, March 16, 2015 at 01:13

Goals
1 2 3 T
Blues 6 2 1 9
Stars 0 1 0 1
Shots
1 2 3 T
Blues 11 9 9 29
Stars 6 13 10 29

1st period

1. Blues , Brandon Saad 14 (Johan Franzen, Sean Couturier) at 0:55
2. Blues , Anders Lee 19 (Kevan Miller, Hampus Lindholm) at 5:00
3. Blues , Steve Ott 6 (Rick Nash) at 5:50
4. Blues , Mark Fayne 7 (Brandon Saad, Johan Franzen) at 11:35 (PP)
5. Blues , Rick Nash 29 (Steve Ott) at 12:01 (PP)
6. Blues , Zdeno Chara 19 (Josh Gorges, Sean Couturier) at 15:51

Penalties :
Hampus Lindholm (StL) for Interference (Minor) at 1:02, Kevan Miller (StL) for Holding (Minor) at 9:21, Dmitry Orlov (Dal) for Hooking (Minor) at 11:29, Aaron Johnson (Dal) for Charging (Minor) at 11:47, Sean Couturier (StL) for Interference (Minor) at 12:46

2nd period

7. Stars , Jakub Kindl 13 (Patrick Eaves, Daniel Paille) at 0:57
8. Blues , Zdeno Chara 20 (Josh Gorges) at 6:25
9. Blues , Josh Gorges 12 (Zdeno Chara, Rick Nash) at 11:52 (PP)

Penalties :
Artem Anisimov (StL) for Hooking (Minor) at 2:18, John Moore (Dal) for Hooking (Minor) at 6:30, Cory Conacher (Dal) for Hooking (Minor) at 11:38

3rd period

10. Blues , Zdeno Chara 21 (Anders Lee, Sean Couturier) at 16:59

Penalties :
Bryan Allen (StL) for Interference (Minor) at 8:28, John Moore (Dal) for Holding (Minor) at 18:49

Goalie Stats

Henrik Lundqvist (StL), 28 saves from 29 shots - (0.966), W, 37-16-5, 60:00 minutes
Joacim Eriksson (Dal), 20 saves from 25 shots - (0.800), 48:25 minutes
Hannu Toivonen (Dal), 0 saves from 4 shots - (0.000), L, 0-8-0, 11:35 minutes

Players Stats for Blues

Player Name              G  A  P  +/- PIM S  H  SB GA TA FO     MP     PP MP  PK MP  
------------------------------------------------------------------------------------
Anders Lee               1  1  2   3  0   2  0  0  1  0  0/3     6:45   0:00   0:00 
Andrew Desjardins        0  0  0   0  0   1  0  0  0  0  8/16   14:57   0:00   3:11 
Artem Anisimov           0  0  0   1  2   1  0  0  1  1  0/1    15:48   1:29   0:00 
Brandon Saad             1  1  2   1  0   4  0  0  2  0  0/1    15:31   1:29   0:00 
Bryan Allen              0  0  0   1  2   0  2  3  1  3  0/0    19:31   1:16   2:48 
Cam Atkinson             0  0  0   0  0   1  1  0  0  1  1/3    11:31   0:00   0:00 
Hampus Lindholm          0  1  1   1  2   1  1  0  1  1  0/0    13:18   0:00   1:00 
Joe Vitale               0  0  0   3  0   0  0  0  0  0  1/1     6:45   0:00   0:00 
Johan Franzen            0  2  2   1  0   4  2  1  1  0  5/12   19:44   1:29   2:46 
Josh Gorges              1  2  3   3  0   3  2  2  0  2  0/0    23:36   2:27   6:07 
Kevan Miller             0  1  1   1  2   0  2  0  1  2  0/0    11:25   0:00   0:00 
Mark Fayne               1  0  1   1  0   1  1  2  0  0  0/0    20:25   1:16   3:48 
Matt Donovan             0  0  0   0  0   0  0  0  0  0  0/0     4:42   0:00   0:00 
Rick Nash                1  2  3   1  0   3  0  1  7  0  2/3    18:49   2:14   2:46 
Sean Couturier           0  3  3   4  2   1  1  0  0  2  10/21  24:01   2:14   3:58 
Steve Ott                1  1  2   1  0   1  1  1  1  2  0/0    22:00   2:14   7:09 
Tomas Tatar              0  0  0   0  0   1  0  0  2  1  0/1    12:54   0:00   0:00 
Zdeno Chara              3  1  4   3  0   5  2  1  1  2  0/0    28:18   2:27   6:07 

Players Stats for Stars

Player Name              G  A  P  +/- PIM S  H  SB GA TA FO     MP     PP MP  PK MP  
------------------------------------------------------------------------------------
Aaron Johnson            0  0  0  -2  2   0  1  3  0  2  0/0    27:21   5:55   3:12 
Brandon Kozun            0  0  0   0  0   0  0  0  0  0  0/0     6:14   0:00   0:00 
Brett Ritchie            0  0  0  -2  0   0  2  1  0  0  0/1    16:01   0:00   0:00 
Brian Boyle              0  0  0  -1  0   1  4  0  0  0  13/25  23:35   5:16   3:11 
Bruno Gervais            0  0  0  -1  0   0  0  0  0  0  0/0    13:18   0:00   0:31 
Cory Conacher            0  0  0  -1  2   4  2  0  2  0  0/2    16:51   5:38   0:09 
Daniel Cleary            0  0  0  -1  0   5  1  0  2  1  0/0    19:54   5:38   3:11 
Daniel Paille            0  1  1  -2  0   0  0  0  3  1  0/0    18:41   4:17   0:32 
Dmitry Orlov             0  0  0  -1  2   2  0  1  2  0  0/0    12:16   0:00   0:00 
Erik Haula               0  0  0  -2  0   0  1  2  2  0  7/13   15:11   0:00   0:00 
Jakub Kindl              1  0  1  -2  0   5  0  1  0  0  0/0    23:44   5:55   3:26 
Jamie Oleksiak           0  0  0   0  0   0  0  0  0  0  0/0     3:52   0:00   0:00 
Joe Corvo                0  0  0  -2  0   1  1  1  2  1  0/0    20:07   4:00   0:17 
John Moore               0  0  0  -2  4   5  2  1  0  2  0/0    19:48   4:00   0:00 
Miikka Salomaki          0  0  0   0  0   1  0  0  1  0  0/0     7:29   0:00   0:23 
Patrick Eaves            0  1  1  -2  0   3  3  0  7  0  1/1    17:39   4:17   0:00 
Rob Klinkhammer          0  0  0  -2  0   2  1  1  3  1  0/1    16:18   0:28   0:00 
Zach Sill                0  0  0  -2  0   0  3  0  0  0  14/19  17:53   4:11   0:00 

3 Stars

1 - Zdeno Chara (StL)
2 - Josh Gorges (StL)
3 - Rick Nash (StL)

Power Play

Blues - 3 on 5 Attempt(s) - 60.00%
Stars - 0 on 5 Attempt(s) - 0.00%

Penalty Kill

Blues - 5 on 5 Attempt(s) - 100.00% - Score 0 goal in Penalty Kill
Stars - 2 on 5 Attempt(s) - 40.00% - Score 0 goal in Penalty Kill

Team Stat

Blues - Hits : 15 - Faceoff Wins : 27 - Blocked Shots : 11 - Penalty Minutes : 10
Stars - Hits : 21 - Faceoff Wins : 35 - Blocked Shots : 11 - Penalty Minutes : 10

Official

Referees : Unknown
Linesman : Unknown

Game Notes

Joacim Eriksson enters game at 11:35 of 1st period
Zdeno Chara has scored a Hat Trick!

Finance

Level 1 -- Attendance: 3779 (62.98%) -- Ticket Income $377,900
Level 2 -- Attendance: 3686 (73.72%) -- Ticket Income $221,160
Level 3 -- Attendance: 1348 (67.40%) -- Ticket Income $47,180
Level 4 -- Attendance: 3099 (77.48%) -- Ticket Income $61,980
Luxury Box -- Attendance: 758 (75.80%) -- Ticket Income $151,600
Game was played at the American Airlines Arena'
Total Attendance: 12670 (70.39%)
Total Ticket Income: $859,820
Other Income: $421,312
Total Income: $1,281,132

Blues

5 vs 5 Forward 
   Center                   Left Wing                Right Wing               Time % Phy DF OF 
 1 Sean Couturier           Steve Ott                Rick Nash                35     1   2  2  
 2 Johan Franzen            Artem Anisimov           Brandon Saad             30     1   2  2  
 3 Andrew Desjardins        Tomas Tatar              Cam Atkinson             22     1   2  2  
 4 Anders Lee               Sean Couturier           Joe Vitale               13     1   2  2  

5 vs 5 Defense 
   Defense                  Defense                                           Time % Phy DF OF 
 1 Zdeno Chara              Josh Gorges                                       35     1   2  2  
 2 Bryan Allen              Mark Fayne                                        30     1   2  2  
 3 Kevan Miller             Hampus Lindholm                                   22     1   2  2  
 4 Matt Donovan             Zdeno Chara                                       13     1   2  2  

PowerPlay Forward 
   Center                   Left Wing                Right Wing               Time % Phy DF OF 
 1 Sean Couturier           Steve Ott                Rick Nash                60     1   2  2  
 2 Johan Franzen            Artem Anisimov           Brandon Saad             40     1   2  2  

PowerPlay Defense
   Defense                  Defense                                           Time % Phy DF OF 
 1 Zdeno Chara              Josh Gorges                                       60     1   2  2  
 2 Bryan Allen              Mark Fayne                                        40     1   2  2  

Penalty Kill 4 Players Forward 
   Center                   Wing                     Time % Phy DF OF 
 1 Sean Couturier           Steve Ott                60     1   2  2  
 2 Rick Nash                Johan Franzen            40     1   2  2  

Penalty Kill 4 Players Defense
   Defense                  Defense                  Time % Phy DF OF 
 1 Zdeno Chara              Josh Gorges              60     1   2  2  
 2 Bryan Allen              Mark Fayne               40     1   2  2  

Penalty Kill - 3 Players Forward 
   Forward                                           Time % Phy DF OF 
 1 Sean Couturier                                    60     1   2  2  
 2 Steve Ott                                         40     1   2  2  

Penalty Kill - 3 Players Defense
   Defense                  Defense                  Time % Phy DF OF 
 1 Zdeno Chara              Josh Gorges              60     1   2  2  
 2 Bryan Allen              Mark Fayne               40     1   2  2  

4 vs 4 Forward 
   Center                   Wing                     Time % Phy DF OF 
 1 Sean Couturier           Steve Ott                60     1   2  2  
 2 Rick Nash                Johan Franzen            40     1   2  2  

4 vs 4 Defense
   Defense                  Defense                  Time % Phy DF OF 
 1 Zdeno Chara              Josh Gorges              60     1   2  2  
 2 Bryan Allen              Mark Fayne               40     1   2  2  

Last Minutes Offensive
   Center                   Left Wing                Right Wing               Defense                  Defense                  
   Sean Couturier           Steve Ott                Rick Nash                Zdeno Chara              Josh Gorges              

Last Minutes Defensive
   Center                   Left Wing                Right Wing               Defense                  Defense                  
   Sean Couturier           Steve Ott                Rick Nash                Zdeno Chara              Josh Gorges              

Goaltenders
Starting : Henrik Lundqvist         
Backup : Frederik Andersen        

Extra Forwards
Normal : Tomas Tatar, Cam Atkinson, Andrew Desjardins - PP : Tomas Tatar, Cam Atkinson - PK : Andrew Desjardins
Extra Defensemen
Normal : Kevan Miller, Hampus Lindholm, Matt Donovan - PP : Kevan Miller - PK : Hampus Lindholm, Matt Donovan
Penalty Shots
Sean Couturier, Steve Ott, Rick Nash, Johan Franzen, Artem Anisimov

Stars

5 vs 5 Forward 
   Center                   Left Wing                Right Wing               Time % Phy DF OF 
 1 Brian Boyle              Daniel Cleary            Cory Conacher            35     1   2  2  
 2 Zach Sill                Daniel Paille            Patrick Eaves            30     1   2  2  
 3 Erik Haula               Rob Klinkhammer          Brett Ritchie            22     1   2  2  
 4 Brian Boyle              Miikka Salomaki          Brandon Kozun            13     1   2  2  

5 vs 5 Defense 
   Defense                  Defense                                           Time % Phy DF OF 
 1 Aaron Johnson            Jakub Kindl                                       35     1   2  2  
 2 Joe Corvo                John Moore                                        30     1   2  2  
 3 Dmitry Orlov             Bruno Gervais                                     22     1   2  2  
 4 Jamie Oleksiak           Aaron Johnson                                     13     1   2  2  

PowerPlay Forward 
   Center                   Left Wing                Right Wing               Time % Phy DF OF 
 1 Brian Boyle              Daniel Cleary            Cory Conacher            60     1   2  2  
 2 Zach Sill                Daniel Paille            Patrick Eaves            40     1   2  2  

PowerPlay Defense
   Defense                  Defense                                           Time % Phy DF OF 
 1 Aaron Johnson            Jakub Kindl                                       60     1   2  2  
 2 Joe Corvo                John Moore                                        40     1   2  2  

Penalty Kill 4 Players Forward 
   Center                   Wing                     Time % Phy DF OF 
 1 Brian Boyle              Daniel Cleary            60     1   2  2  
 2 Daniel Paille            Cory Conacher            40     1   2  2  

Penalty Kill 4 Players Defense
   Defense                  Defense                  Time % Phy DF OF 
 1 Aaron Johnson            Jakub Kindl              60     1   2  2  
 2 Joe Corvo                John Moore               40     1   2  2  

Penalty Kill - 3 Players Forward 
   Forward                                           Time % Phy DF OF 
 1 Brian Boyle                                       60     1   2  2  
 2 Daniel Cleary                                     40     1   2  2  

Penalty Kill - 3 Players Defense
   Defense                  Defense                  Time % Phy DF OF 
 1 Aaron Johnson            Jakub Kindl              60     1   2  2  
 2 Joe Corvo                John Moore               40     1   2  2  

4 vs 4 Forward 
   Center                   Wing                     Time % Phy DF OF 
 1 Brian Boyle              Daniel Cleary            60     1   2  2  
 2 Daniel Paille            Cory Conacher            40     1   2  2  

4 vs 4 Defense
   Defense                  Defense                  Time % Phy DF OF 
 1 Aaron Johnson            Jakub Kindl              60     1   2  2  
 2 Joe Corvo                John Moore               40     1   2  2  

Last Minutes Offensive
   Center                   Left Wing                Right Wing               Defense                  Defense                  
   Brian Boyle              Daniel Cleary            Cory Conacher            Aaron Johnson            Jakub Kindl              

Last Minutes Defensive
   Center                   Left Wing                Right Wing               Defense                  Defense                  
   Brian Boyle              Daniel Cleary            Cory Conacher            Aaron Johnson            Jakub Kindl              

Goaltenders
Starting : Hannu Toivonen           
Backup : Joacim Eriksson          

Extra Forwards
Normal : Rob Klinkhammer, Brett Ritchie, Miikka Salomaki - PP : Rob Klinkhammer, Brett Ritchie - PK : Miikka Salomaki
Extra Defensemen
Normal : Dmitry Orlov, Bruno Gervais, Jamie Oleksiak - PP : Dmitry Orlov - PK : Bruno Gervais, Jamie Oleksiak
Penalty Shots
Brian Boyle, Daniel Cleary, Daniel Paille, Cory Conacher, Patrick Eaves

% Time on Ice - Blues

Lines # - Real PCT - Wanted PCT - Time Play
Normal Forward
1 - 27% - 35% - 12:37
2 - 33% - 30% - 15:29
3 - 25% - 22% - 11:31
4 - 15% - 13% - 6:45
Normal Defense
1 - 32% - 35% - 15:02
2 - 33% - 30% - 15:21
3 - 24% - 22% - 11:17
4 - 10% - 13% - 4:42
PP Forward
1 - 60% - 60% - 2:14
2 - 40% - 40% - 1:29
PP Defense
1 - 66% - 60% - 2:27
2 - 34% - 40% - 1:16
PK Forward
1 - 72% - 60% - 7:09
2 - 28% - 40% - 2:46
PK Defense
1 - 62% - 60% - 6:07
2 - 38% - 40% - 3:48
PK3 Forward
1 - 0% - 60%
2 - 0% - 40%
PK3 Defense
1 - 0% - 60%
2 - 0% - 40%
44 Forward
1 - 0% - 60%
2 - 0% - 40%
44 Defense
1 - 0% - 60%
2 - 0% - 40%
Last Minute Offensive  - 0:00
Last Minute Defensive  - 0:00
Total
Forward - 60:00
Defense - 60:00

% Time on Ice - Stars

Lines # - Real PCT - Wanted PCT - Time Play
Normal Forward
1 - 25% - 35% - 11:35
2 - 29% - 30% - 13:22
3 - 33% - 22% - 15:11
4 - 13% - 13% - 6:14
Normal Defense
1 - 31% - 35% - 14:23
2 - 34% - 30% - 15:50
3 - 26% - 22% - 12:17
4 - 8% - 13% - 3:52
PP Forward
1 - 57% - 60% - 5:38
2 - 43% - 40% - 4:17
PP Defense
1 - 60% - 60% - 5:55
2 - 40% - 40% - 4:00
PK Forward
1 - 96% - 60% - 3:34
2 - 4% - 40% - 0:09
PK Defense
1 - 92% - 60% - 3:26
2 - 8% - 40% - 0:17
PK3 Forward
1 - 0% - 60%
2 - 0% - 40%
PK3 Defense
1 - 0% - 60%
2 - 0% - 40%
44 Forward
1 - 0% - 60%
2 - 0% - 40%
44 Defense
1 - 0% - 60%
2 - 0% - 40%
Last Minute Offensive  - 0:00
Last Minute Defensive  - 0:00
Total
Forward - 60:00
Defense - 60:00

Play by Play

1st period


0:01 of 1st period - Brian Boyle wins face-off versus Sean Couturier in neutral zone.
0:33 of 1st period - Slapshot by Steve Ott.
0:33 of 1st period - Shot Blocked by Jakub Kindl.
0:55 of 1st period - Slapshot by Brandon Saad.
0:55 of 1st period - Goal by Brandon Saad - Blues : 1 - Stars : 0.
0:56 of 1st period - Andrew Desjardins wins face-off versus Rob Klinkhammer in neutral zone.
1:02 of 1st period - Minor Penalty to Hampus Lindholm for Interference.
1:03 of 1st period - Sean Couturier wins face-off versus Cory Conacher in Blues zone.
1:31 of 1st period - Rick Nash is hit by Cory Conacher and loses puck.
3:02 of 1st period - Penalty to Hampus Lindholm is over, Hampus Lindholm is back on ice.
3:22 of 1st period - Slapshot by John Moore.
3:22 of 1st period - Deflect By Brett Ritchie.
3:22 of 1st period - Shot Blocked by Johan Franzen.
3:22 of 1st period - Puck is out of play.
3:23 of 1st period - Erik Haula wins face-off versus Andrew Desjardins in Blues zone.
4:54 of 1st period - Wrist shot by Anders Lee.
4:54 of 1st period - Shot Blocked by Erik Haula.
4:56 of 1st period - Slapshot by Kevan Miller.
4:56 of 1st period - Shot Blocked by Dmitry Orlov.
4:58 of 1st period - Slapshot by Hampus Lindholm.
4:58 of 1st period - Shot Misses the Net.
5:00 of 1st period - Backhand shot by Kevan Miller.
5:00 of 1st period - Deflect By Anders Lee.
5:00 of 1st period - Goal by Anders Lee - Blues : 2 - Stars : 0.
5:01 of 1st period - Patrick Eaves wins face-off versus Andrew Desjardins in neutral zone.
5:24 of 1st period - Snap shot by Cam Atkinson.
5:24 of 1st period - Shot Misses the Net.
5:34 of 1st period - Slapshot by John Moore.
5:34 of 1st period - Deflect By Matt Donovan.
5:34 of 1st period - Stopped by Henrik Lundqvist without a rebound.
5:35 of 1st period - Rick Nash wins face-off versus Brian Boyle in Blues zone.
5:50 of 1st period - Snap shot by Steve Ott.
5:50 of 1st period - Goal by Steve Ott - Blues : 3 - Stars : 0.
5:51 of 1st period - Sean Couturier wins face-off versus Brian Boyle in neutral zone.
6:14 of 1st period - Snap shot by Daniel Cleary.
6:14 of 1st period - Stopped by Henrik Lundqvist without a rebound.
6:15 of 1st period - Zach Sill wins face-off versus Johan Franzen in Blues zone.
7:58 of 1st period - Jamie Oleksiak is hit by Josh Gorges and loses puck.
8:09 of 1st period - Josh Gorges is hit by Rob Klinkhammer and loses puck.
8:38 of 1st period - Wrist shot by Cory Conacher.
8:38 of 1st period - Stopped by Henrik Lundqvist with a rebound.
8:55 of 1st period - Patrick Eaves is hit by Cam Atkinson and loses puck.
9:21 of 1st period - Minor Penalty to Kevan Miller for Holding.
9:22 of 1st period - Brian Boyle wins face-off versus Sean Couturier in Blues zone.
9:53 of 1st period - Daniel Paille is hit by Steve Ott and loses puck.
10:00 of 1st period - Josh Gorges is hit by Patrick Eaves and loses puck.
10:55 of 1st period - Josh Gorges is hit by Zach Sill and loses puck.
11:21 of 1st period - Penalty to Kevan Miller is over, Kevan Miller is back on ice.
11:29 of 1st period - Minor Penalty to Dmitry Orlov for Hooking.
11:30 of 1st period - Johan Franzen wins face-off versus Brian Boyle in Stars zone.
11:33 of 1st period - Snap shot by Brandon Saad.
11:33 of 1st period - Shot Misses the Net.
11:35 of 1st period - Slapshot by Mark Fayne.
11:35 of 1st period - Goal by Mark Fayne - Blues : 4 - Stars : 0.
11:35 of 1st period - Joacim Eriksson enters game.
11:36 of 1st period - Erik Haula wins face-off versus Andrew Desjardins in neutral zone.
11:39 of 1st period - Wrist shot by Jakub Kindl.
11:39 of 1st period - Stopped by Henrik Lundqvist without a rebound.
11:40 of 1st period - Andrew Desjardins wins face-off versus Erik Haula in Blues zone.
11:40 of 1st period - Andrew Desjardins is hit by Aaron Johnson.
11:47 of 1st period - Minor Penalty to Aaron Johnson for Charging.
11:48 of 1st period - Brian Boyle wins face-off versus Sean Couturier in Stars zone.
12:01 of 1st period - Wrist shot by Rick Nash.
12:01 of 1st period - Goal by Rick Nash - Blues : 5 - Stars : 0.
12:02 of 1st period - Sean Couturier wins face-off versus Zach Sill in neutral zone.
12:05 of 1st period - Snap shot by Rick Nash.
12:05 of 1st period - Stopped by Joacim Eriksson without a rebound.
12:06 of 1st period - Zach Sill wins face-off versus Sean Couturier in Stars zone.
12:15 of 1st period - Slapshot by Hampus Lindholm.
12:15 of 1st period - Stopped by Joacim Eriksson with a rebound.
12:46 of 1st period - Minor Penalty to Sean Couturier for Interference.
12:47 of 1st period - Andrew Desjardins wins face-off versus Brian Boyle in Blues zone.
12:54 of 1st period - Slapshot by John Moore.
12:54 of 1st period - Deflect By Daniel Cleary.
12:54 of 1st period - Stopped by Henrik Lundqvist with a rebound.
13:10 of 1st period - Slapshot by John Moore.
13:10 of 1st period - Deflect By Cory Conacher.
13:10 of 1st period - Shot Blocked by Steve Ott.
13:10 of 1st period - Puck is out of play.
13:11 of 1st period - Zach Sill wins face-off versus Andrew Desjardins in Blues zone.
13:42 of 1st period - Josh Gorges is hit by Zach Sill and loses puck.
13:59 of 1st period - Slapshot by Daniel Cleary.
13:59 of 1st period - Shot Misses the Net.
14:01 of 1st period - Slapshot by Jakub Kindl.
14:01 of 1st period - Shot Misses the Net.
14:03 of 1st period - Wrist shot by Brian Boyle.
14:03 of 1st period - Stopped by Henrik Lundqvist without a rebound.
14:04 of 1st period - Brian Boyle wins face-off versus Rick Nash in Blues zone.
14:07 of 1st period - Slapshot by Joe Corvo.
14:07 of 1st period - Shot Blocked by Rick Nash.
14:09 of 1st period - Slapshot by Joe Corvo.
14:09 of 1st period - Shot Misses the Net.
14:11 of 1st period - Slapshot by John Moore.
14:11 of 1st period - Shot Misses the Net.
14:13 of 1st period - Slapshot by Joe Corvo.
14:13 of 1st period - Shot Blocked by Mark Fayne.
14:15 of 1st period - Snap shot by Brian Boyle.
14:15 of 1st period - Shot Blocked by Bryan Allen.
14:17 of 1st period - Slapshot by John Moore.
14:17 of 1st period - Deflect By Cory Conacher.
14:17 of 1st period - Shot Blocked by Mark Fayne.
14:17 of 1st period - Puck is out of play.
14:18 of 1st period - Andrew Desjardins wins face-off versus Cory Conacher in Blues zone.
14:46 of 1st period - Penalty to Sean Couturier is over, Sean Couturier is back on ice.
14:46 of 1st period - Icing by Mark Fayne.
14:47 of 1st period - Zach Sill wins face-off versus Sean Couturier in Blues zone.
15:14 of 1st period - Wrist shot by Brandon Saad.
15:14 of 1st period - Stopped by Joacim Eriksson with a rebound.
15:20 of 1st period - Patrick Eaves is hit by Mark Fayne and loses puck.
15:45 of 1st period - Wrist shot by Joe Vitale.
15:45 of 1st period - Shot Misses the Net.
15:47 of 1st period - Slapshot by Sean Couturier.
15:47 of 1st period - Shot Blocked by Erik Haula.
15:49 of 1st period - Slapshot by Josh Gorges.
15:49 of 1st period - Deflect By Joe Corvo.
15:49 of 1st period - Stopped by Joacim Eriksson with a rebound.
15:51 of 1st period - Snap shot by Zdeno Chara.
15:51 of 1st period - Goal by Zdeno Chara - Blues : 6 - Stars : 0.
15:52 of 1st period - Brian Boyle wins face-off versus Anders Lee in neutral zone.
15:55 of 1st period - Josh Gorges is hit by Brian Boyle and loses puck.
16:28 of 1st period - Jakub Kindl is hit by Sean Couturier.
16:45 of 1st period - Artem Anisimov is hit by Brett Ritchie and loses puck.
17:08 of 1st period - Slapshot by Joe Corvo.
17:08 of 1st period - Deflect By Brett Ritchie.
17:08 of 1st period - Shot Misses the Net.
17:08 of 1st period - Puck is out of play.
17:09 of 1st period - Zach Sill wins face-off versus Andrew Desjardins in Blues zone.
18:02 of 1st period - Bruno Gervais is hit by Bryan Allen and loses puck.
18:13 of 1st period - Snap shot by Sean Couturier.
18:13 of 1st period - Shot Misses the Net.
18:15 of 1st period - Snap shot by Sean Couturier.
18:15 of 1st period - Shot Misses the Net.
18:17 of 1st period - Wrist shot by Hampus Lindholm.
18:17 of 1st period - Shot Misses the Net.
18:19 of 1st period - Wrist shot by Sean Couturier.
18:19 of 1st period - Deflect By Bruno Gervais.
18:19 of 1st period - Shot Misses the Net.
18:19 of 1st period - Puck is out of play.
18:20 of 1st period - Johan Franzen wins face-off versus Erik Haula in Stars zone.
18:29 of 1st period - Wrist shot by Johan Franzen.
18:29 of 1st period - Stopped by Joacim Eriksson without a rebound.
18:30 of 1st period - Johan Franzen wins face-off versus Erik Haula in Stars zone.
18:51 of 1st period - Snap shot by Johan Franzen.
18:51 of 1st period - Shot Misses the Net.
Goals for this period are 6 for Blues vs 0 for Stars.
Shots for this period are 11 for Blues vs 6 for Stars.

2nd period


0:01 of 2nd period - Sean Couturier wins face-off versus Brian Boyle in neutral zone.
0:35 of 2nd period - Slapshot by John Moore.
0:35 of 2nd period - Stopped by Henrik Lundqvist with a rebound.
0:37 of 2nd period - Slapshot by John Moore.
0:37 of 2nd period - Deflect By Josh Gorges.
0:37 of 2nd period - Stopped by Henrik Lundqvist without a rebound.
0:38 of 2nd period - Andrew Desjardins wins face-off versus Zach Sill in Blues zone.
0:47 of 2nd period - Snap shot by Daniel Paille.
0:47 of 2nd period - Shot Misses the Net.
0:55 of 2nd period - Slapshot by Jakub Kindl.
0:55 of 2nd period - Stopped by Henrik Lundqvist with a rebound.
0:57 of 2nd period - Slapshot by Jakub Kindl.
0:57 of 2nd period - Goal by Jakub Kindl - Blues : 6 - Stars : 1.
0:58 of 2nd period - Sean Couturier wins face-off versus Brian Boyle in neutral zone.
1:05 of 2nd period - Snap shot by Rick Nash.
1:05 of 2nd period - Shot Misses the Net.
1:27 of 2nd period - Sean Couturier is hit by Daniel Cleary and loses puck.
2:18 of 2nd period - Minor Penalty to Artem Anisimov for Hooking.
2:19 of 2nd period - Zach Sill wins face-off versus Sean Couturier in Blues zone.
2:47 of 2nd period - Slapshot by Jakub Kindl.
2:47 of 2nd period - Stopped by Henrik Lundqvist with a rebound.
3:12 of 2nd period - Zdeno Chara is hit by Brian Boyle.
3:38 of 2nd period - Mark Fayne is hit by John Moore and loses puck.
4:10 of 2nd period - Mark Fayne is hit by John Moore and loses puck.
4:18 of 2nd period - Penalty to Artem Anisimov is over, Artem Anisimov is back on ice.
4:31 of 2nd period - Snap shot by Daniel Paille.
4:31 of 2nd period - Shot Blocked by Bryan Allen.
4:33 of 2nd period - Snap shot by Zach Sill.
4:33 of 2nd period - Shot Misses the Net.
4:35 of 2nd period - Wrist shot by Jakub Kindl.
4:35 of 2nd period - Stopped by Henrik Lundqvist without a rebound.
4:36 of 2nd period - Zach Sill wins face-off versus Andrew Desjardins in Blues zone.
5:09 of 2nd period - Snap shot by Cam Atkinson.
5:09 of 2nd period - Shot Misses the Net.
5:11 of 2nd period - Slapshot by Kevan Miller.
5:11 of 2nd period - Shot Misses the Net.
5:13 of 2nd period - Snap shot by Andrew Desjardins.
5:13 of 2nd period - Stopped by Joacim Eriksson without a rebound.
5:14 of 2nd period - Joe Vitale wins face-off versus Brian Boyle in Stars zone.
5:23 of 2nd period - Snap shot by Anders Lee.
5:23 of 2nd period - Stopped by Joacim Eriksson without a rebound.
5:24 of 2nd period - Brian Boyle wins face-off versus Anders Lee in Stars zone.
5:35 of 2nd period - Slapshot by Zdeno Chara.
5:35 of 2nd period - Stopped by Joacim Eriksson without a rebound.
5:36 of 2nd period - Erik Haula wins face-off versus Johan Franzen in Stars zone.
5:45 of 2nd period - Wrist shot by Rob Klinkhammer.
5:45 of 2nd period - Shot Misses the Net.
5:57 of 2nd period - Slapshot by Brandon Saad.
5:57 of 2nd period - Stopped by Joacim Eriksson with a rebound.
5:59 of 2nd period - Slapshot by Josh Gorges.
5:59 of 2nd period - Stopped by Joacim Eriksson with a rebound.
6:25 of 2nd period - Slapshot by Zdeno Chara.
6:25 of 2nd period - Goal by Zdeno Chara - Blues : 7 - Stars : 1.
6:26 of 2nd period - Sean Couturier wins face-off versus Zach Sill in neutral zone.
6:30 of 2nd period - Minor Penalty to John Moore for Hooking.
6:31 of 2nd period - Brian Boyle wins face-off versus Sean Couturier in Stars zone.
6:35 of 2nd period - Aaron Johnson is hit by Josh Gorges and loses puck.
7:08 of 2nd period - Wrist shot by Rick Nash.
7:08 of 2nd period - Shot Misses the Net.
8:30 of 2nd period - Penalty to John Moore is over, John Moore is back on ice.
8:48 of 2nd period - Miikka Salomaki is hit by Zdeno Chara and loses puck.
8:57 of 2nd period - Slapshot by Cam Atkinson.
8:57 of 2nd period - Shot Misses the Net.
8:59 of 2nd period - Snap shot by Cam Atkinson.
8:59 of 2nd period - Stopped by Joacim Eriksson without a rebound.
9:00 of 2nd period - Andrew Desjardins wins face-off versus Erik Haula in Stars zone.
9:35 of 2nd period - Kevan Miller is hit by Brett Ritchie and loses puck.
9:58 of 2nd period - Snap shot by Patrick Eaves.
9:58 of 2nd period - Stopped by Henrik Lundqvist without a rebound.
9:59 of 2nd period - Zach Sill wins face-off versus Sean Couturier in Blues zone.
10:39 of 2nd period - Slapshot by Jamie Oleksiak.
10:39 of 2nd period - Deflect By Miikka Salomaki.
10:39 of 2nd period - Stopped by Henrik Lundqvist without a rebound.
10:40 of 2nd period - Erik Haula wins face-off versus Johan Franzen in Blues zone.
10:43 of 2nd period - Snap shot by Erik Haula.
10:43 of 2nd period - Deflect By Brett Ritchie.
10:43 of 2nd period - Shot Misses the Net.
10:43 of 2nd period - Puck is out of play.
10:44 of 2nd period - Erik Haula wins face-off versus Brandon Saad in Blues zone.
11:01 of 2nd period - Slapshot by Rob Klinkhammer.
11:01 of 2nd period - Shot Misses the Net.
11:03 of 2nd period - Wrist shot by Rob Klinkhammer.
11:03 of 2nd period - Shot Misses the Net.
11:38 of 2nd period - Minor Penalty to Cory Conacher for Hooking.
11:39 of 2nd period - Sean Couturier wins face-off versus Brian Boyle in Stars zone.
11:48 of 2nd period - Slapshot by Zdeno Chara.
11:48 of 2nd period - Stopped by Joacim Eriksson with a rebound.
11:50 of 2nd period - Slapshot by Josh Gorges.
11:50 of 2nd period - Shot Blocked by Aaron Johnson.
11:52 of 2nd period - Slapshot by Josh Gorges.
11:52 of 2nd period - Deflect By Daniel Cleary.
11:52 of 2nd period - Goal by Josh Gorges - Blues : 8 - Stars : 1.
11:53 of 2nd period - Zach Sill wins face-off versus Andrew Desjardins in neutral zone.
12:45 of 2nd period - Josh Gorges is hit by Cory Conacher and loses puck.
13:50 of 2nd period - Johan Franzen is hit by Joe Corvo and loses puck.
14:38 of 2nd period - Off-side.
14:39 of 2nd period - Zach Sill wins face-off versus Sean Couturier in neutral zone.
15:14 of 2nd period - Andrew Desjardins is hit by Zach Sill and loses puck.
17:13 of 2nd period - Wrist shot by Daniel Paille.
17:13 of 2nd period - Shot Blocked by Zdeno Chara.
17:15 of 2nd period - Slapshot by John Moore.
17:15 of 2nd period - Deflect By Patrick Eaves.
17:15 of 2nd period - Stopped by Henrik Lundqvist with a rebound.
17:17 of 2nd period - Snap shot by John Moore.
17:17 of 2nd period - Stopped by Henrik Lundqvist with a rebound.
17:19 of 2nd period - Slapshot by John Moore.
17:19 of 2nd period - Stopped by Henrik Lundqvist without a rebound.
17:20 of 2nd period - Johan Franzen wins face-off versus Zach Sill in Blues zone.
17:45 of 2nd period - Slapshot by Cory Conacher.
17:45 of 2nd period - Stopped by Henrik Lundqvist without a rebound.
17:46 of 2nd period - Brian Boyle wins face-off versus Andrew Desjardins in Blues zone.
17:47 of 2nd period - Wrist shot by Cory Conacher.
17:47 of 2nd period - Stopped by Henrik Lundqvist with a rebound.
18:27 of 2nd period - John Moore is hit by Kevan Miller and loses puck.
19:20 of 2nd period - Icing by Brett Ritchie.
19:21 of 2nd period - Andrew Desjardins wins face-off versus Erik Haula in Stars zone.
Goals for this period are 2 for Blues vs 1 for Stars.
Shots for this period are 9 for Blues vs 13 for Stars.

3rd period


0:01 of 3rd period - Sean Couturier wins face-off versus Brian Boyle in neutral zone.
0:28 of 3rd period - Wrist shot by Rick Nash.
0:28 of 3rd period - Stopped by Joacim Eriksson with a rebound.
0:37 of 3rd period - Off-side.
0:38 of 3rd period - Zach Sill wins face-off versus Artem Anisimov in neutral zone.
0:41 of 3rd period - Slapshot by Dmitry Orlov.
0:41 of 3rd period - Shot Misses the Net.
0:43 of 3rd period - Slapshot by Dmitry Orlov.
0:43 of 3rd period - Stopped by Henrik Lundqvist with a rebound.
1:09 of 3rd period - Wrist shot by Patrick Eaves.
1:09 of 3rd period - Stopped by Henrik Lundqvist with a rebound.
1:11 of 3rd period - Slapshot by Patrick Eaves.
1:11 of 3rd period - Deflect By Zach Sill.
1:11 of 3rd period - Shot Misses the Net.
1:11 of 3rd period - Puck is out of play.
1:12 of 3rd period - Cam Atkinson wins face-off versus Brett Ritchie in Blues zone.
1:20 of 3rd period - Off-side.
1:21 of 3rd period - Erik Haula wins face-off versus Cam Atkinson in neutral zone.
1:38 of 3rd period - Snap shot by Zdeno Chara.
1:38 of 3rd period - Shot Misses the Net.
1:40 of 3rd period - Slapshot by Josh Gorges.
1:40 of 3rd period - Deflect By Cam Atkinson.
1:40 of 3rd period - Shot Misses the Net.
1:40 of 3rd period - Puck is out of play.
1:41 of 3rd period - Brian Boyle wins face-off versus Sean Couturier in Stars zone.
2:09 of 3rd period - Snap shot by Daniel Cleary.
2:09 of 3rd period - Stopped by Henrik Lundqvist without a rebound.
2:10 of 3rd period - Zach Sill wins face-off versus Johan Franzen in Blues zone.
3:13 of 3rd period - Bruno Gervais is hit by Zdeno Chara.
3:54 of 3rd period - Slapshot by Joe Corvo.
3:54 of 3rd period - Stopped by Henrik Lundqvist with a rebound.
4:06 of 3rd period - Snap shot by Rick Nash.
4:06 of 3rd period - Shot Blocked by Rob Klinkhammer.
4:10 of 3rd period - Snap shot by Rick Nash.
4:10 of 3rd period - Shot Blocked by Brett Ritchie.
4:12 of 3rd period - Snap shot by Kevan Miller.
4:12 of 3rd period - Shot Misses the Net.
4:14 of 3rd period - Wrist shot by Hampus Lindholm.
4:14 of 3rd period - Shot Blocked by John Moore.
4:30 of 3rd period - Hampus Lindholm is hit by Erik Haula and loses puck.
4:50 of 3rd period - Wrist shot by Johan Franzen.
4:50 of 3rd period - Stopped by Joacim Eriksson with a rebound.
5:01 of 3rd period - Wrist shot by Johan Franzen.
5:01 of 3rd period - Stopped by Joacim Eriksson with a rebound.
5:03 of 3rd period - Slapshot by Johan Franzen.
5:03 of 3rd period - Shot Blocked by Joe Corvo.
5:05 of 3rd period - Snap shot by Artem Anisimov.
5:05 of 3rd period - Stopped by Joacim Eriksson with a rebound.
8:22 of 3rd period - Wrist shot by Daniel Cleary.
8:22 of 3rd period - Stopped by Henrik Lundqvist with a rebound.
8:28 of 3rd period - Minor Penalty to Bryan Allen for Interference.
8:29 of 3rd period - Sean Couturier wins face-off versus Brian Boyle in Blues zone.
9:32 of 3rd period - Zdeno Chara is hit by Brian Boyle.
10:08 of 3rd period - Backhand shot by Rob Klinkhammer.
10:08 of 3rd period - Shot Misses the Net.
10:10 of 3rd period - Snap shot by Daniel Cleary.
10:10 of 3rd period - Shot Misses the Net.
10:12 of 3rd period - Snap shot by Daniel Cleary.
10:12 of 3rd period - Stopped by Henrik Lundqvist with a rebound.
10:14 of 3rd period - Wrist shot by Aaron Johnson.
10:14 of 3rd period - Shot Misses the Net.
10:16 of 3rd period - Slapshot by John Moore.
10:16 of 3rd period - Shot Blocked by Josh Gorges.
10:28 of 3rd period - Penalty to Bryan Allen is over, Bryan Allen is back on ice.
10:38 of 3rd period - Mark Fayne is hit by Patrick Eaves and loses puck.
10:48 of 3rd period - Icing by Mark Fayne.
10:49 of 3rd period - Rick Nash wins face-off versus Erik Haula in Blues zone.
10:54 of 3rd period - Bruno Gervais is hit by Hampus Lindholm and loses puck.
11:07 of 3rd period - Dmitry Orlov is hit by Johan Franzen and loses puck.
11:41 of 3rd period - Brandon Kozun is hit by Kevan Miller and loses puck.
12:25 of 3rd period - Snap shot by Tomas Tatar.
12:25 of 3rd period - Stopped by Joacim Eriksson without a rebound.
12:26 of 3rd period - Andrew Desjardins wins face-off versus Zach Sill in Stars zone.
13:04 of 3rd period - Slapshot by Dmitry Orlov.
13:04 of 3rd period - Stopped by Henrik Lundqvist with a rebound.
13:06 of 3rd period - Slapshot by Dmitry Orlov.
13:06 of 3rd period - Shot Misses the Net.
13:08 of 3rd period - Slapshot by Dmitry Orlov.
13:08 of 3rd period - Shot Blocked by Josh Gorges.
13:20 of 3rd period - Snap shot by Rob Klinkhammer.
13:20 of 3rd period - Stopped by Henrik Lundqvist with a rebound.
14:00 of 3rd period - Wrist shot by Brandon Saad.
14:00 of 3rd period - Shot Misses the Net.
14:32 of 3rd period - Bryan Allen is hit by Patrick Eaves and loses puck.
14:39 of 3rd period - Slapshot by Patrick Eaves.
14:39 of 3rd period - Deflect By Zach Sill.
14:39 of 3rd period - Shot Blocked by Bryan Allen.
14:39 of 3rd period - Puck is out of play.
14:40 of 3rd period - Zach Sill wins face-off versus Tomas Tatar in Blues zone.
15:45 of 3rd period - Wrist shot by Daniel Cleary.
15:45 of 3rd period - Deflect By Cory Conacher.
15:45 of 3rd period - Stopped by Henrik Lundqvist with a rebound.
16:26 of 3rd period - Aaron Johnson is hit by Johan Franzen and loses puck.
16:33 of 3rd period - Johan Franzen is hit by Brian Boyle and loses puck.
16:52 of 3rd period - Zach Sill is hit by Bryan Allen.
16:59 of 3rd period - Wrist shot by Zdeno Chara.
16:59 of 3rd period - Goal by Zdeno Chara - Blues : 9 - Stars : 1.
17:00 of 3rd period - Brian Boyle wins face-off versus Anders Lee in neutral zone.
17:20 of 3rd period - Icing by Dmitry Orlov.
17:21 of 3rd period - Brian Boyle wins face-off versus Johan Franzen in Stars zone.
17:44 of 3rd period - Slapshot by Rob Klinkhammer.
17:44 of 3rd period - Stopped by Henrik Lundqvist without a rebound.
17:45 of 3rd period - Erik Haula wins face-off versus Cam Atkinson in Blues zone.
18:14 of 3rd period - Slapshot by Zdeno Chara.
18:14 of 3rd period - Deflect By Cam Atkinson.
18:14 of 3rd period - Shot Misses the Net.
18:14 of 3rd period - Puck is out of play.
18:15 of 3rd period - Zach Sill wins face-off versus Sean Couturier in Stars zone.
18:49 of 3rd period - Minor Penalty to John Moore for Holding.
18:50 of 3rd period - Johan Franzen wins face-off versus Brian Boyle in Stars zone.
18:57 of 3rd period - Snap shot by Johan Franzen.
18:57 of 3rd period - Stopped by Joacim Eriksson without a rebound.
18:58 of 3rd period - Brian Boyle wins face-off versus Johan Franzen in Stars zone.
19:07 of 3rd period - Slapshot by Brandon Saad.
19:07 of 3rd period - Stopped by Joacim Eriksson without a rebound.
19:08 of 3rd period - Brian Boyle wins face-off versus Johan Franzen in Stars zone.
19:17 of 3rd period - Wrist shot by Brandon Saad.
19:17 of 3rd period - Deflect By Artem Anisimov.
19:17 of 3rd period - Shot Blocked by Aaron Johnson.
19:17 of 3rd period - Puck is out of play.
19:18 of 3rd period - Sean Couturier wins face-off versus Brian Boyle in Stars zone.
19:51 of 3rd period - Slapshot by Steve Ott.
19:51 of 3rd period - Shot Blocked by Aaron Johnson.
19:53 of 3rd period - Wrist shot by Sean Couturier.
19:53 of 3rd period - Stopped by Joacim Eriksson with a rebound.
Goals for this period are 1 for Blues vs 0 for Stars.
Shots for this period are 9 for Blues vs 10 for Stars.


Output by the SimonT Hockey Simulator (STHS) for Eric Dolegowski -- Original Page W3C XHTML 1.0 Valid
Hockey Simulator - Hockey Simulation - Hockey Manager